 Dungeon Crawl Stone Soup version 0.18.1-51-gd549091e01 (webtiles) character file.

4792 magog001 the Blocker (level 10, -3/80 HPs)
             Began as a Formicid Fighter on Sept 5, 2020.
             Was a Follower of Nemelex Xobeh.
             Killed by divine providence
             ... invoked by an orc priest
              (9 damage)
             ... on level 8 of the Dungeon.
             The game lasted 00:53:24 (10142 turns).

magog001 the Blocker (Formicid Fighter)            Turns: 10142, Time: 00:53:25

Health: -3/80      AC: 21    Str: 24    XL:     10   Next: 76%
Magic:  10/10      EV:  7    Int:  8    God:    Nemelex Xobeh [*.....]
Gold:   374        SH: 12    Dex: 10    Spells: 0 memorised, 9 levels left

rFire  . . .     SeeInvis +     C - +0 battleaxe
rCold  . . .     Gourm    .     z - +1 plate armour
rNeg   . . .     Faith    +     c - +0 shield
rPois  +         Spirit   .     (helmet unavailable)
rElec  .         Dismiss  .     q - +2 cloak {+Inv}
rCorr  .         Reflect  .     y - +1 pair of gloves
SustAt .         Harm     .     (no boots)
MR     +....                    e - amulet of faith
Stlth  ..........               (no ring)
                                m - ring of flight

@: somewhat resistant to hostile enchantments, extremely unstealthy
A: permanent stasis, dig shafts and tunnels, four strong arms, antennae 3, icy
blue scales 1, poison resistance, no device heal 1
a: Dig, Shaft Self, Renounce Religion, Evoke Invisibility, Evoke Flight


You were on level 8 of the Dungeon.
You worshipped Nemelex Xobeh.
Nemelex Xobeh was aware of your devotion.
You were hungry.

You visited 2 branches of the dungeon, and saw 9 of its levels.
You also visited: Sewer.

You collected 374 gold pieces.

Inventory:

Hand Weapons
 B - a +1 long sword of electrocution
 C - a +0 battleaxe (weapon)
Missiles
 i - 85 sling bullets
 k - 16 poisoned needles
Armour
 c - a +0 shield (worn)
 q - a +2 cloak of invisibility (worn)
 y - a +1 pair of gloves (worn)
 z - a +1 plate armour (worn)
Jewellery
 e - an amulet of faith (around neck)
 m - a ring of flight (left hand)
Wands
 l - a wand of acid (9/15)
 p - a wand of heal wounds (0/9)
 r - a wand of digging (11/24)
 s - a wand of lightning (8/15)
 x - a wand of teleportation (3/9)
Scrolls
 b - 2 scrolls of remove curse
 g - a scroll of amnesia
 u - a scroll of identify
 v - a scroll of magic mapping
 w - 2 scrolls of fog
 A - a scroll of fear
Potions
 f - a potion of curing
 h - 3 potions of heal wounds
 n - 3 potions of brilliance
Miscellaneous
 d - a plain deck of escape {drawn: 1}
 t - a plain deck of war {drawn: 1}
Comestibles
 a - a fruit
 j - a meat ration
 o - 4 chunks of flesh


   Skills:
 * Level 8.1 Fighting
   Level 0.2 Short Blades
 * Level 7.6 Axes
 + Level 0.2 Throwing
 * Level 8.7 Armour
 * Level 10.9 Shields
 + Level 0.2 Evocations


You had 9 spell levels left.
You didn't know any spells.

Dungeon Overview and Level Annotations

Branches:
Dungeon (8/15)             Temple (1/1) D:6
   Lair: D:8-11

Altars:
Ashenzari
Cheibriados
Dithmenos
Kikubaaqudgha
Makhleb
Nemelex Xobeh
Okawaru
Qazlal
Ru
Trog
Xom
Yredelemnul
Zin

Annotations:
D:8 NicolasFink's ghost, novice OgFE


Innate Abilities, Weirdness & Mutations

You are under a permanent stasis effect.
You can dig through walls and to a lower floor.
Your four strong arms can wield two-handed weapons with a shield.
You have a pair of large antennae on your head (SInv).
You are partially covered in icy blue scales (AC +1).
Your system is resistant to poisons.
Potions and wands are less effective at restoring your health.


Message History

You feel much better.
This wand has 0 charges left.
The orc priest calls down the wrath of Beogh upon you.
Beogh smites you!
NicolasFink's ghost says, "The agents of utter destruction are not stopped by death."
You block NicolasFink's ghost's attack.
Evoke which item? (* to show all) (? for menu, Esc to quit)
You draw a card...
It is the Tomb.
Walls emerge from the floor!
The orc priest calls down the wrath of Beogh upon you.
Beogh smites you!
* * * LOW HITPOINT WARNING * * *
NicolasFink's ghost wails.
NicolasFink's ghost barely misses you.
The walls disappear prematurely!
The orc priest invokes the aid of Beogh against you.
Beogh smites you!
* * * LOW HITPOINT WARNING * * *
The orc priest calls down the wrath of Beogh upon you.
Beogh smites you!
You die...
Your body glows slightly and disappears.

#...... #)(...............##.
#......##)..........#.#.####.
#......())...##'##..#...##.#.
#......##>...#...#...<...#...
#...... #.{..#o..#..)....#...
#########{####o..###)........
###..#⌠.W#'##.⌠#........
##........o.....#........
#..###.#@......#####.....
#..#...#.......#...#..... #####
#..#......._...'...#..... #...#
#..#...........#......... ##.#.#
##.#####.......#####.#.## ...#.#
#.....(..(.....#........
##.#.######...#⌠.##'##.⌠...##....
##...#........#..#....###..##....
#....#.....).....#...#.....##....


You could see 2 orc priests, NicolasFink's ghost and an orc.

Vanquished Creatures
  A cyclops (D:7)
  Joseph (D:6)
  A gargoyle (D:8)
  Grum (D:8)
  A hungry ghost (D:7)
  Purgy (Sewer)
  An ice beast (D:6)
  A sky beast (D:8)
  3 phantoms
  3 ogres (D:8)
  3 wolves (D:8)
  A centaur (D:6)
  A big kobold (D:8)
  3 giant frogs
  A wyvern skeleton (D:7)
  4 scorpions
  3 wights (D:8)
  2 electric eels (D:6)
  5 howler monkeys
  3 crimson imps (D:6)
  3 orc priests
  A quasit (D:5)
  A centaur skeleton (D:8)
  3 centaur zombies
  3 hounds
  3 jellies
  5 orc wizards
  3 giant frog skeletons
  2 iguanas
  13 worker ants
  4 sheep (D:7)
  3 gnolls (D:6)
  A howler monkey skeleton (D:7)
  8 adders
  A river rat (D:6)
  A shadow imp (D:5)
  2 adder skeletons
  A worm (D:2)
  2 dart slugs (D:1)
  6 giant geckos
  25 orcs
  5 ball pythons
  11 bats
  3 giant cockroaches
  6 goblins
  13 hobgoblins
  2 jackals (D:3)
  4 quokkas
  A giant gecko skeleton (D:6)
  5 giant newts
  11 kobolds
  A quokka skeleton (D:4)
  6 rats
199 creatures vanquished.

Notes
Turn   | Place    | Note
--------------------------------------------------------------
     0 | D:1      | magog001 the Formicid Fighter began the quest for the Orb.
     0 | D:1      | Reached XP level 1. HP: 18/18 MP: 1/1
    43 | D:1      | Reached XP level 2. HP: 23/24 MP: 2/2
   513 | D:1      | Reached XP level 3. HP: 29/30 MP: 3/3
   796 | D:1      | Reached skill level 4 in Shields
  1013 | D:2      | Found a shadowy altar of Dithmenos.
  1171 | D:2      | Reached XP level 4. HP: 37/37 MP: 4/4
  1790 | D:3      | Reached XP level 5. HP: 36/42 MP: 5/5
  2587 | D:4      | Reached XP level 6. HP: 31/49 MP: 6/6
  2823 | D:4      | Reached skill level 5 in Shields
  3338 | D:4      | Found a burning altar of Makhleb.
  3338 | D:4      | Noticed a green death
  3342 | D:4      | Noticed a neqoxec
  3342 | D:4      | Noticed an orange demon
  3408 | D:4      | Noticed a phantom
  3428 | D:4      | Found a stormy altar of Qazlal.
  3456 | D:4      | Killed a phantom
  3456 | D:4      | Reached skill level 5 in Fighting
  3456 | D:4      | Reached skill level 5 in Armour
  3456 | D:4      | Reached XP level 7. HP: 44/56 MP: 7/7
  3744 | D:5      | Entered Level 5 of the Dungeon
  4043 | D:5      | Reached skill level 6 in Shields
  4045 | D:5      | Found an ancient bone altar of Kikubaaqudgha.
  4088 | D:5      | Found a shimmering altar of Xom.
  4412 | D:5      | Found a bloodstained altar of Trog.
  4834 | D:6      | Reached XP level 8. HP: 63/63 MP: 8/8
  4874 | D:6      | Found a glowing drain.
  4879 | Sewer    | Entered a sewer
  4910 | Sewer    | Noticed Purgy
  4956 | Sewer    | Killed Purgy
  5090 | Sewer    | Gained mutation: You are partially covered in slimy green scales (AC +2). [potion of mutation]
  5090 | Sewer    | Gained mutation: You are weak. (Str -2) [potion of mutation]
  5091 | Sewer    | Gained mutation: Your system is resistant to poisons. [potion of mutation]
  5091 | Sewer    | Gained mutation: Armour fits poorly on your strangely shaped body. [potion of mutation]
  5091 | Sewer    | Gained mutation: You are agile. (Dex +2) [potion of mutation]
  5092 | Sewer    | Gained mutation: You are partially covered in icy blue scales (AC +1). [potion of mutation]
  5092 | Sewer    | Gained mutation: Potions and wands are less effective at restoring your health. [potion of mutation]
  5092 | Sewer    | Gained mutation: Your body sometimes deteriorates upon taking damage. [potion of mutation]
  5094 | Sewer    | Lost mutation: You are agile. (Dex +2) [potion of cure mutation]
  5094 | Sewer    | Lost mutation: Armour fits poorly on your strangely shaped body. [potion of cure mutation]
  5094 | Sewer    | Lost mutation: Your body sometimes deteriorates upon taking damage. [potion of cure mutation]
  5094 | Sewer    | Lost mutation: You are weak. (Str -2) [potion of cure mutation]
  5094 | Sewer    | Lost mutation: You are partially covered in slimy green scales (AC +2). [potion of cure mutation]
  5461 | D:6      | Reached skill level 7 in Shields
  5771 | D:6      | Found a basalt altar of Yredelemnul.
  5956 | D:6      | Found a staircase to the Ecumenical Temple.
  5966 | Temple   | Entered the Ecumenical Temple
  6028 | Temple   | Became a worshipper of Nemelex Xobeh the Trickster
  7243 | D:6      | Reached skill level 8 in Shields
  7360 | D:6      | Received a gift from Nemelex Xobeh
  7471 | D:6      | Reached skill level 5 in Axes
  7471 | D:6      | Reached XP level 9. HP: 69/69 MP: 9/9
  7524 | D:7      | Noticed Joseph
  7587 | D:6      | Killed Joseph
  7698 | D:7      | Reached skill level 9 in Shields
  7739 | D:7      | Noticed a cyclops
  7761 | D:7      | Killed a cyclops
  8035 | D:7      | Found a glowing silver altar of Zin.
  8212 | D:7      | Reached XP level 10. HP: 79/79 MP: 10/10
  8606 | D:7      | Reached skill level 10 in Shields
  8732 | D:7      | Reached * piety under Nemelex Xobeh
  8949 | D:8      | Found an iron altar of Okawaru.
  9049 | D:8      | Found a shattered altar of Ashenzari.
  9073 | D:8      | Received a gift from Nemelex Xobeh
  9382 | D:8      | Noticed a gargoyle
  9400 | D:8      | Killed a gargoyle
  9934 | D:8      | Noticed Grum
  9988 | D:8      | Killed Grum
 10110 | D:8      | Noticed NicolasFink's ghost (novice OgFE)
 10142 | D:8      | Killed from afar by an orc priest

Skill      XL: |  1  2  3  4  5  6  7  8  9 10 |
---------------+-------------------------------+-----
Fighting       | 4 5 6 7 8 |  8.1
Shields        | 4 5 6 8 9 10 | 10.9
Armour         | 4 5 6 7 8 |  8.7
Axes           | 3 4 5 6 7 |  7.6
Short Blades   | |  0.2
Throwing       | |  0.2
Evocations     | |  0.2

Action                   |  1- 3 |  4- 6 |  7- 9 | 10-12 || total
-------------------------+-------+-------+-------+-------++-------
Melee: War axe           |    72 |   144 |   481 |   142 ||   839
       Short sword       |     6 |    85 |       |       ||    91
       Battleaxe         |       |       |       |   116 ||   116
 Fire: Blowgun           |       |       |    10 |       ||    10
 Abil: Dig               |     7 |     8 |    13 |     4 ||    32
       Evoke Flight      |       |       |     1 |       ||     1
Evoke: Wand              |       |       |       |     5 ||     5
       Deck              |       |       |       |     2 ||     2
  Use: Scroll            |     4 |     3 |     8 |     5 ||    20
       Potion            |       |     2 |    15 |     1 ||    18
 Stab: Invisible         |       |       |     3 |       ||     3
  Eat: Chunk             |     1 |     3 |     4 |     2 ||    10
       Bread ration      |       |     1 |     2 |     1 ||     4
       Pizza             |       |     1 |     1 |       ||     2
       Meat ration       |       |       |     2 |       ||     2
       Beef jerky        |       |       |     1 |       ||     1
       Royal jelly       |       |       |       |     2 ||     2
       Fruit             |       |       |       |     1 ||     1
Armor: Scale mail        |    44 |       |       |       ||    44
       Chain mail        |     2 |   123 |   276 |       ||   401
       Plate armour      |       |       |    24 |   143 ||   167
Dodge: Dodged            |    35 |    67 |   163 |    92 ||   357
Block: Shield            |    55 |   123 |   316 |   187 ||   681
